 Dungeon Crawl Stone Soup version 0.31.0-11-ge490571c62 (webtiles) character file.

Game seed: 177239849887902989

464 Rassilon the Ducker (level 6, 0/56 HPs)
             Began as a Minotaur Monk on Jan 27, 2024.
             Was a Believer of Wu Jian.
             Killed by divine providence
             ... invoked by an orc priest
              (15 damage)
             ... on level 5 of the Dungeon.
             The game lasted 00:18:28 (2875 turns).

Rassilon the Ducker (Minotaur Monk)                 Turns: 2875, Time: 00:18:30

Health: 0/56       AC:  3    Str: 18    XL:     6   Next: 80%
Magic:  5/5        EV: 14    Int: 13    God:    Wu Jian [**....]
Gold:   401        SH:  0    Dex: 12    Spells: 5/5 levels left

rFire   . . .        a - +0 short sword
rCold   . . .        d - orb {light}
rNeg    . . .        b - +0 robe
rPois   .            (helmet restricted)
rElec   .            (no cloak)
rCorr   .            (no gloves)
SInv    .            q - +0 pair of boots
Will    .....        (no amulet)
Stlth   +            f - +6 ring of intelligence
HPRegen 0.29/turn    (no ring)
MPRegen 0.09/turn

%: no passive effects
@: confused, glowing
A: horns 2, retaliatory headbutt
a: Renounce Religion, Wall Jump


You were on level 5 of the Dungeon.
You worshipped Wu Jian.
Wu Jian was pleased with you.
You visited 2 branches of the dungeon, and saw 6 of its levels.

You collected 401 gold pieces.

Inventory:

Hand Weapons
 a - a +0 short sword (weapon)
Armour
 b - a +0 robe (worn)
 d - an orb of light (worn)
 q - a +0 pair of boots (worn)
Jewellery
 f - a +6 ring of intelligence (left hand)
Talismans
 k - a dragon-blood talisman
 m - a serpent talisman
Wands
 x - a wand of polymorph (10)
Scrolls
 i - 2 scrolls of immolation {unknown}
 j - 2 scrolls of fog {unknown}
 l - 4 scrolls of identify {unknown}
 n - a scroll of vulnerability {unknown}
 p - a scroll of revelation {unknown}
 r - a scroll of amnesia {unknown}
 s - a scroll of teleportation {unknown}
 u - a scroll of brand weapon {unknown}
 v - a scroll of summoning {unknown}
 w - a scroll of fear {unknown}
Potions
 c - 3 potions of ambrosia
 e - a potion of lignification
 g - 2 potions of magic {unknown}
 h - 2 potions of heal wounds {unknown}
 o - 3 potions of curing {unknown}
 t - a potion of enlightenment {unknown}


   Skills:
 + Level 5.2 Fighting
 - Level 5.0 Short Blades
 + Level 5.7 Dodging
 - Level 1.0 Stealth
 * Level 1.8 Shapeshifting


You had 5 spell levels left.
You didn't know any spells.
Your spell library contained the following spells:

 Spells                   Type           Power      Damage    Failure   Level
 Call Imp                 Summ           0%         N/A       43%         2
 Sublimation of Blood     Necr           0%         N/A       43%         2
 Summon Hydra             Summ           0%         N/A       100%        7


Dungeon Overview and Level Annotations

Branches:
Dungeon (5/15)             Temple (1/1) D:4

Altars:
Ashenzari
Gozag
Kikubaaqudgha
Makhleb
Qazlal
Ru
Sif Muna
Trog
Uskayaw
Wu Jian
Xom
Yredelemnul

Shops:
D:2 =


Innate Abilities, Weirdness & Mutations

You have a pair of horns on your head.
You reflexively headbutt those who attack you in melee.


Message History

The orc is heavily wounded.
You hit the orc but do no damage.
The orc is heavily wounded.
You spin and attack the phantom repeatedly.
You barely miss the phantom. You headbutt the phantom.
The phantom is almost destroyed.
You hit the phantom.
You destroy the phantom!
The Council accepts your kill. The orc hits you with a +0 short sword.
Your Stealth skill increases to level 1!
Unknown command.
You spin and attack the orc repeatedly.
You hit the orc.
The orc is moderately wounded.
You hit the orc.
The orc is severely wounded.
The hound closely misses you. The orc closely misses you.
The orc priest looks braver for a moment.
Unknown command.
You spin and attack the orc.
You hit the orc. You headbutt the orc.
You kill the orc!
The Council accepts your kill.
The orc priest mumbles some strange prayers to Beogh against you.
Pain shoots through your body!
* * * LOW HITPOINT WARNING * * *
Unknown command.
You spin and attack the orc repeatedly.
You barely miss the orc.
The orc is severely wounded.
You hit the orc.
The orc is almost dead.
You spin and attack the hound.
You hit the hound.
The hound is almost dead.
The hound bites you.
* * * LOW HITPOINT WARNING * * *
The hound barely misses you. The orc closely misses you.
The orc wizard gestures at you while chanting.
You are confused.
The orc priest invokes the aid of Beogh against you.
Beogh smites you!
You die...

#..........#+####...##
+..........#..........
#..........#..........
#..........+..........
#........o.#...##...##
#..........#...##...##
#.....o....#.........#
#.....o....#.........'
#....@ho...'.........#
#..........#.<###...##
#.......####### #+####
#.......# #. #.......#
#. #.......# ##
#.......# #.......#
#.^.....#


You could see a hound, an orc priest, an orc wizard (invisible) and 2 orcs.

Vanquished Creatures
  A black bear (D:4)
  A phantom (D:5)
  A scorpion (D:4)
  2 hounds (D:4)
  An orc priest (D:3)
  An iguana (D:4)
  An orc wizard (D:3)
  3 adders
  A dart slug (D:2)
  5 orcs
  6 ball pythons
  10 endoplasms
  2 giant cockroaches
  5 goblins
  8 hobgoblins
  5 jackals
  4 quokkas
  2 bats (D:2)
  2 frilled lizards
  4 kobolds
  5 rats
70 creatures vanquished.

Notes
Turn   | Place    | Note
-------+----------+-------------------------------------------
     0 | D:1      | Rassilon the Minotaur Monk began the quest for the Orb.
     0 | D:1      | Reached XP level 1. HP: 19/19 MP: 0/0
   149 | D:1      | Reached XP level 2. HP: 12/27 MP: 1/1
   594 | D:2      | Reached XP level 3. HP: 31/33 MP: 2/2
   712 | D:2      | Found Ugurphiv's Jewellery Boutique.
  1160 | D:2      | Reached XP level 4. HP: 41/41 MP: 3/3
  1367 | D:3      | Found an ancient bone altar of Kikubaaqudgha.
  1486 | D:3      | Found a broken altar of Ashenzari.
  1716 | D:3      | Reached XP level 5. HP: 37/47 MP: 4/4
  1883 | D:3      | Found a bloodstained altar of Trog.
  2061 | D:4      | Reached skill level 1 in Shapeshifting
  2093 | D:4      | Noticed a black bear
  2110 | D:4      | Killed a black bear
  2111 | D:4      | Reached skill level 5 in Dodging
  2131 | D:4      | Reached skill level 5 in Fighting
  2131 | D:4      | Reached XP level 6. HP: 32/56 MP: 5/5
  2339 | D:4      | Reached skill level 5 in Short Blades
  2627 | D:4      | Found a staircase to the Ecumenical Temple.
  2632 | Temple   | Entered the Ecumenical Temple
  2758 | Temple   | Became a worshipper of the Wu Jian Council
  2758 | Temple   | Reached * piety under Wu Jian
  2758 | Temple   | Reached ** piety under Wu Jian
  2822 | D:5      | Entered Level 5 of the Dungeon
  2873 | D:5      | Reached skill level 1 in Stealth
  2875 | D:5      | Killed from afar by an orc priest

Illustrated notes

Levels and vault maps discovered:
D:1:      dpeg_arrival_three_smaller_balls, layout_rooms,
          chequers_hall_statues_y, minmay_misc_feat_iff
D:2:      layout_loops_ring, serial_shops, nicolae_shop_trees,
          minmay_gold_behind_fungi
D:3:      layout_loops_ring, amcnicky_altar_gilded,
          mainiacjoe_overflow_alcove_2, mainiacjoe_overflow_small_starburst
D:4:      layout_gridville, minmay_temple_entry_nine_rooms
D:5:      kennysheep_windowed_halls, layout_gridville,
          nicolae_overflow_hidden_temple, kennysheep_mini_moat
Temple:   nicolae_temple_cloud_nine

Skill      XL: |  1  2  3  4  5  6 |
---------------+-------------------+-----
Fighting       | 4 5 |  5.2
Dodging        | 4 5 |  5.7
Short Blades   | 4 5 |  5.0
Shapeshifting  | 1 |  1.8
Stealth        | 1 |  1.0

Action                     |  1- 3 |  4- 6 || total
---------------------------+-------+-------++-------
  Melee: Short sword       |    98 |   140 ||   238
         Headbutt          |    24 |    21 ||    45
Ability: Whirlwind         |       |     7 ||     7
         Lunge             |       |     1 ||     1
  Evoke: Wand              |       |     1 ||     1
    Use: Potion            |       |     2 ||     2
 Armour: Robe              |    49 |    51 ||   100
         Skin              |       |    52 ||    52
  Dodge: Dodged            |    76 |    56 ||   132
